 Dungeon Crawl Stone Soup version 0.23-a0-586-gacb4b3f4ce (webtiles) character file.

32 Hercules1031 the Ducker (level 3, 0/36 HPs)
             Began as a Troll Fighter on Dec 19, 2018.
             Slain by a shadow imp (1 damage)
             ... summoned by Natasha
             ... on level 2 of the Dungeon.
             The game lasted 00:02:23 (916 turns).

Hercules1031 the Ducker (Troll Fighter)              Turns: 916, Time: 00:02:23

Health: 0/36       AC:  5    Str: 30    XL:     3   Next: 10%
Magic:  2/2        EV:  8    Int:  4    God:
Gold:   63         SH:  9    Dex:  9    Spells: 2/2 levels left

rFire    . . .     SeeInvis .   a - +0 flail
rCold    . . .     Gourm    +   c - +0 shield
rNeg     . . .     Faith    .   b - +0 robe
rPois    .         Spirit   .   (helmet restricted)
rElec    .         Reflect  .   (no cloak)
rCorr    .         Harm     .   (gloves unavailable)
MR       .....                  (boots unavailable)
Stlth    +.........             (no amulet)
HPRegen  0.52/turn              (no ring)
MPRegen  0.08/turn              (no ring)

@: mighty, slowed, very slow
A: large, unfitting armour, claws 3, fast metabolism 3, gourmand, regeneration
1, shaggy fur 1, tough skin 2
a: no special abilities


You were on level 2 of the Dungeon.
You were full.

You visited 1 branch of the dungeon, and saw 2 of its levels.

You collected 63 gold pieces.

Inventory:

Hand Weapons
 a - a +0 flail (weapon)
Armour
 b - a +0 robe (worn)
 c - a +0 shield (worn)
Scrolls
 e - 2 scrolls of identify {unknown}
 h - a scroll of remove curse {unknown}
 i - a scroll of enchant armour {unknown}
Potions
 d - a potion of might
 f - a potion of brilliance {unknown}
 g - a potion of lignification {unknown}
 j - a potion of agility {unknown}
 k - 2 potions of cancellation {unknown}


   Skills:
 + Level 2.6 Fighting
 * Level 2.4 Maces & Flails
 + Level 2.7 Dodging
 + Level 2.6 Shields


You had 2 spell levels left.
You didn't know any spells.
Your spell library was empty.

Dungeon Overview and Level Annotations

Branches:
Dungeon (2/15)

Altars:

Annotations:
D:2 Natasha


Innate Abilities, Weirdness & Mutations

You are too large for most types of armour.
You have claws for hands.
Your metabolism is lightning-fast.
You like to eat raw meat.
Your natural rate of healing is unusually fast.
You are covered in fur. (AC +1)
You have very tough skin. (AC +2)


Message History

The shadow imp hits you but does no damage.
You barely miss Natasha.
Natasha is almost dead.
Natasha casts a spell at you. You resist with significant effort.
The shadow imp barely misses you.
Natasha stares at you and mumbles some strange words.
You feel yourself slow down.
You barely miss Natasha.
Natasha is almost dead.
The shadow imp hits you but does no damage.
You block Natasha's attack.
The shadow imp hits you but does no damage.
Natasha stares at you and mumbles some strange words.
You resist with significant effort. You block the shadow imp's attack.
You barely miss Natasha.
Natasha is almost dead.
Natasha claws you!
* * * LOW HITPOINT WARNING * * *
The shadow imp hits you.
You die...

##### #....
#.... #....
.>#....#####
#.....bh@5.#
##.....###.#
#.#### #.#
#.# #.# #.#
#.# #.# #.#


You could see Natasha, a shadow imp and a bat.

Vanquished Creatures
  An ooze (D:1)
  2 leopard geckos (D:1)
  5 bats (D:1)
  8 hobgoblins (D:1)
  2 frilled lizards (D:1)
  2 goblins (D:1)
  4 kobolds (D:1)
  2 rats (D:1)
26 creatures vanquished.

Notes
Turn   | Place    | Note
-------+----------+-------------------------------------------
     0 | D:1      | Hercules1031 the Troll Fighter began the quest for the Orb.
     0 | D:1      | Reached XP level 1. HP: 22/22 MP: 0/0
   147 | D:1      | Reached XP level 2. HP: 28/29 MP: 1/1
   563 | D:1      | Reached XP level 3. HP: 36/36 MP: 2/2
   899 | D:2      | Noticed Natasha
   916 | D:2      | HP: 1/36 [Natasha (10)]
   916 | D:2      | Slain by a shadow imp

Vault maps used:
D:1:      minmay_arrival_jagged, nrook_mini_vaults
D:2:      uniq_natasha, uniq_jessica

Skill      XL: |  1 |
---------------+----+-----
Maces & Flails | 2 |  2.4
Fighting       | |  2.6
Dodging        | |  2.7
Shields        | |  2.6

Action                   || total
-------------------------++-------
Melee: Flail             ||    88
  Use: Potion            ||     1
 Stab: Sleeping          ||     1
  Eat: Ration            ||     3
Armor: Robe              ||    33
Dodge: Dodged            ||    33
Block: Shield            ||    37

Table legend:
 A = Non-vault XP
 B = Vault XP
 C = Vault XP percentage of total XP
 D = Non-vault monster count
 E = Vault monster count
 F = Vault count percentage of total count
                 A         B        C        D         E       F
            +---------+---------+-------+---------+---------+-------
      Total |      47 |       0 |   0.0 |      26 |       0 |   0.0
            +---------+---------+-------+---------+---------+-------
        D:1 |      47 |       0 |   0.0 |      26 |       0 |   0.0
            +---------+---------+-------+---------+---------+-------
